[Event "Titled Tuesday Blitz March 14 Early 2023"]
[White "Horak, Martin"]
[Black "Nguyen, Ngoc Truong Son"]
[WhiteFideId "367095"]
[BlackFideId "12401110"]
[WhiteElo "2091"]
[BlackElo "2571"]
[Result "0-1"]
[Round "01"]
[TimeControl "180+2"]
[Date "2023.03.14"]
[WhiteClock "0:00:04"]
[BlackClock "0:00:41"]

1. d4 Nf6 2. Nf3 g6 3. c4 Bg7 4. e3 O-O 5. Be2 d6 6. Nc3 Nbd7 7. Qc2 e5 8. O-O Re8 9. dxe5 dxe5 10. Rd1 c6 11. b3 Qc7 12. Ba3 Bf8 13. Bxf8 Nxf8 14. c5 Bg4 15. h3 Bxf3 16. Bxf3 Ne6 17. b4 a5 18. a3 Kg7 19. Be2 axb4 20. axb4 b6 21. Na4 bxc5 22. Nxc5 Rxa1 23. Nxe6+ Rxe6 24. Rxa1 Qe7 25. Qc5 Nd5 26. Qxe7 Rxe7 27. b5 Nc3 28. Bf1 cxb5 29. Ra3 b4 30. Rb3 Rb7 31. Bc4 Kf6 32. Kf1 Ke7 33. Ke1 Kd6 34. Kd2 Kc5 35. Bd3 Ra7 36. Rxc3+ bxc3+ 37. Kxc3 Ra2 38. Bc2 f5 39. g3 e4 40. h4 Ra1 41. Kd2 Kc4 42. Bd1 Ra2+ 43. Ke1 Kd3 44. h5 Ra1 0-1


[Site "https://www.chess.com"]

[Event "Titled Tuesday Blitz March 14 Early 2023"]
[White "Rustemov, Alexander"]
[Black "Jaskolka, Tomasz"]
[WhiteFideId "4119002"]
[BlackFideId "1170791"]
[WhiteElo "2923"]
[BlackElo "2155"]
[Result "1/2-1/2"]
[Round "01"]
[TimeControl "180+2"]
[Date "2023.03.14"]
[WhiteClock "0:00:06"]
[BlackClock "0:00:07"]

1. d4 d5 2. c4 e5 3. dxe5 d4 4. Nf3 Nc6 5. a3 a5 6. g3 Nge7 7. Bg2 Ng6 8. O-O Be6 9. Qa4 Qd7 10. Ng5 Ngxe5 11. Nxe6 Qxe6 12. Nd2 Be7 13. Bd5 Qd7 14. f4 Ng4 15. Nf3 O-O 16. h3 Nf6 17. Bxc6 bxc6 18. Kg2 c5 19. Qxd7 Nxd7 20. e3 Nb6 21. exd4 Nxc4 22. Ne5 Nb6 23. Nc6 Bd6 24. dxc5 Bxc5 25. Bd2 Rfe8 26. Rae1 a4 27. Rxe8+ Rxe8 28. Re1 Rxe1 29. Bxe1 Nc4 30. Bc3 f6 31. Kf3 Kf7 32. Ke4 Ke6 33. f5+ Kd6 34. Nd8 Nb6 35. Ne6 Bf2 36. g4 g6 37. Bxf6 gxf5+ 38. gxf5 Nc4 39. Bc3 Bh4 40. Bb4+ Kd7 41. Nc5+ Kc6 42. Nxa4 Kb5 43. Nc3+ Kc6 44. b3 Nd2+ 45. Ke5 Nf3+ 46. Ke6 Nd4+ 47. Ke5 Nf3+ 48. Kf4 Nd4 49. Ne4 Nxb3 50. f6 Nd4 51. f7 Kd5 52. f8=Q Ne6+ 53. Kg4 Nxf8 54. Bxf8 Be1 55. Ng5 c5 56. Nxh7 c4 57. Bh6 c3 58. a4 Bd2 59. Nf6+ Kd4 60. Bg7 c2 61. Nd7+ Kd3 62. Bb2 Bc3 63. Bc1 Bd2 64. Bb2 Bc3 65. Ba3 Bb4 66. Ne5+ Ke4 67. Bb2 Bc3 68. Bc1 Bxe5 69. a5 Bd4 70. a6 Be3 71. Bxe3 Kxe3 72. a7 c1=Q 73. a8=Q Qc4+ 74. Kg3 Qf4+ 75. Kg2 Qf2+ 76. Kh1 Qf1+ 77. Kh2 Qf4+ 78. Kh1 Qf1+ 79. Kh2 Qf4+ 80. Kh1 Qf1+ 1/2-1/2


[Site "https://www.chess.com"]

[Event "Titled Tuesday Blitz March 14 Early 2023"]
[White "Degenbaev, Aziz"]
[Black "Talibov, Shiroghlan"]
[WhiteFideId "13802640"]
[BlackFideId "13429078"]
[WhiteElo "2152"]
[BlackElo "2218"]
[Result "0-1"]
[Round "01"]
[TimeControl "180+2"]
[Date "2023.03.14"]
[WhiteClock "0:00:06"]
[BlackClock "0:00:45"]

1. e4 c5 2. Nf3 d6 3. d4 cxd4 4. Nxd4 Nf6 5. Nc3 a6 6. Be2 g6 7. Be3 Bg7 8. f3 h5 9. Qd2 b5 10. a3 Bb7 11. O-O-O Nbd7 12. Rde1 Rc8 13. Kb1 Qc7 14. Rhf1 O-O 15. Bd3 Nc5 16. Bh6 e5 17. Nde2 Nxd3 18. cxd3 d5 19. Bxg7 Kxg7 20. g4 d4 21. g5 Nd7 22. Na2 Nc5 23. f4 a5 24. Nec1 b4 25. axb4 axb4 26. Nxb4 Ra8 27. Nca2 Qa5 28. fxe5 Ba6 29. Rf3 Nd7 30. Qf4 Nxe5 31. Qf6+ Kg8 32. Rd1 Nxf3 33. Qxf3 Bc8 34. Qf6 Be6 35. Nc1 Qxb4 0-1


[Site "https://www.chess.com"]

[Event "Titled Tuesday Blitz March 14 Early 2023"]
[White "Xu, Xiangyu"]
[Black "Pham, Le Thao Nguyen"]
[WhiteFideId "8608288"]
[BlackFideId "12401226"]
[WhiteElo "2477"]
[BlackElo "2282"]
[Result "1-0"]
[Round "01"]
[TimeControl "180+2"]
[Date "2023.03.14"]
[WhiteClock "0:00:20"]
[BlackClock "0:00:08"]

1. d4 d5 2. c4 c6 3. Nf3 Nf6 4. Qc2 g6 5. e3 Bf5 6. Qb3 Qb6 7. Nc3 Nbd7 8. cxd5 Qxb3 9. axb3 Nxd5 10. Bd2 Nb4 11. Ra4 Nd3+ 12. Bxd3 Bxd3 13. Kd1 Bg7 14. Ra5 O-O 15. b4 a6 16. Kc1 Rfe8 17. Rd1 e5 18. Be1 e4 19. Nd2 f5 20. Nb3 Nb6 21. Nc5 Bb5 22. Nxb7 Nc4 23. Ra2 Bf8 24. b3 Nb6 25. Nc5 Nd5 26. Nxd5 cxd5 27. Rc2 Rec8 28. Kb2 Rc6 29. Rdc1 Rac8 30. f3 Kf7 31. fxe4 fxe4 32. Bg3 Ke8 33. Rf2 Be7 34. Be5 Bg5 35. Re1 Ke7 36. g3 Rf8 37. Rxf8 Kxf8 38. Bf4 Be7 39. h4 h5 40. Rc1 Kf7 41. Rc2 Ke8 42. Be5 Bd8 43. Rf2 Be7 44. Kc3 Rc8 45. Kd2 Rc6 46. Ke1 Rc8 47. Rf4 Rc6 48. Kf2 Rb6 49. Kg2 Bd7 50. Rf2 Bb5 51. Bc7 Rc6 52. Bf4 Rb6 53. Bg5 Bf8 54. Bd8 Rb8 55. Bc7 Rb7 56. Nxb7 1-0


[Site "https://www.chess.com"]

[Event "Titled Tuesday Blitz March 14 Early 2023"]
[White "Rodchenkov, Sergey D."]
[Black "Ibarra Jerez, Jose Carlos"]
[WhiteFideId "4168712"]
[BlackFideId "2226332"]
[WhiteElo "2277"]
[BlackElo "2638"]
[Result "0-1"]
[Round "01"]
[TimeControl "180+2"]
[Date "2023.03.14"]
[WhiteClock "0:00:03"]
[BlackClock "0:00:04"]

1. e4 c5 2. Nf3 e6 3. d4 cxd4 4. Nxd4 Bc5 5. Nb3 Bb6 6. c4 Ne7 7. Nc3 O-O 8. Bd3 f5 9. O-O f4 10. Kh1 Nbc6 11. Bd2 Ne5 12. Be1 f3 13. gxf3 Nxf3 14. Be2 Nxe1 15. Qxe1 Ng6 16. f4 Rxf4 17. Bh5 Rxf1+ 18. Qxf1 Ne5 19. Qf4 Qf6 20. Qg3 d6 21. Nb5 Nxc4 22. Be2 Ne3 23. a4 Qxb2 24. Rg1 Nf5 25. exf5 Bxg1 26. f6 Qxf6 27. Kxg1 Bd7 28. Nxd6 Bc6 29. Nc4 Bxa4 30. Nc5 Bc6 31. Qe3 Rf8 32. Ne5 Qh4 33. Nxc6 bxc6 34. Nd7 Rf7 35. Ne5 Rf5 36. Ng4 Qe7 37. h4 Qc5 38. Bc4 Qxc4 39. Qg3 Qc1+ 40. Kh2 Qd2+ 41. Kh3 Qf4 42. Qe1 Qf3+ 43. Kh2 Qf4+ 44. Kg2 Qxg4+ 45. Kh2 Qf4+ 46. Kh3 Qf3+ 47. Kh2 Qf2+ 0-1


[Site "https://www.chess.com"]

[Event "Titled Tuesday Blitz March 14 Early 2023"]
[White "Timofeev, Artyom"]
[Black "Aslanov, Umid"]
[WhiteFideId "4140419"]
[BlackFideId "13412620"]
[WhiteElo "2586"]
[BlackElo "2103"]
[Result "1-0"]
[Round "01"]
[TimeControl "180+2"]
[Date "2023.03.14"]
[WhiteClock "0:01:20"]
[BlackClock "0:00:21"]

1. e4 c5 2. Nf3 d6 3. d4 cxd4 4. Nxd4 Nf6 5. Nc3 a6 6. Be3 e5 7. Nf3 Be7 8. Bc4 O-O 9. O-O Be6 10. Qd3 Bxc4 11. Qxc4 b5 12. Qd3 Nbd7 13. Rfd1 Nb6 14. Bxb6 Qxb6 15. Nd5 Nxd5 16. Qxd5 Rac8 17. c3 Rc5 18. Qd3 a5 19. g3 Qc6 20. Nd2 a4 21. h4 Rd8 22. Nf1 Rc4 23. Ne3 Rc5 24. Nd5 Bf8 25. h5 Qd7 26. Qf3 Qe6 27. Rd3 g6 28. Rad1 Rc6 29. Kg2 Rc4 30. b3 axb3 31. axb3 Rc6 32. Rh1 Bg7 33. h6 Bh8 34. Rhd1 f5 35. exf5 gxf5 36. Ne7+ Qxe7 37. Qxc6 f4 38. Rxd6 1-0


[Site "https://www.chess.com"]

[Event "Titled Tuesday Blitz March 14 Early 2023"]
[White "Rom, Jasper"]
[Black "Bachmann, Axel"]
[WhiteFideId "2023733"]
[BlackFideId "3700488"]
[WhiteElo "2233"]
[BlackElo "2605"]
[Result "0-1"]
[Round "01"]
[TimeControl "180+2"]
[Date "2023.03.14"]
[WhiteClock "0:00:01"]
[BlackClock "0:00:59"]

1. e4 c5 2. Nc3 e6 3. f4 a6 4. g3 b5 5. Bg2 Bb7 6. Nh3 Nf6 7. d3 b4 8. Nb1 d5 9. Nf2 dxe4 10. dxe4 Qxd1+ 11. Kxd1 Nc6 12. Be3 O-O-O+ 13. Kc1 Nd4 14. Re1 h5 15. h3 a5 16. c3 Nb5 17. Bh1 a4 18. a3 bxc3 19. Nxc3 Nd4 20. Kb1 Nb3 21. Nxa4 Nxa1 22. Kxa1 Nd7 23. Rc1 Kb8 24. Nd3 f5 25. exf5 Bxh1 26. Rxh1 exf5 27. Ndxc5 Nxc5 28. Nxc5 Bxc5 29. Bxc5 Rd3 30. Rg1 Re8 31. Bb4 Ree3 32. g4 fxg4 33. hxg4 h4 34. Bc3 Rg3 35. Rf1 Rxg4 36. f5 h3 37. Be5+ Ka8 38. f6 gxf6 39. Rxf6 Re3 40. Bd6 Rh4 41. Rf2 Re1+ 42. Ka2 Rg1 0-1


[Site "https://www.chess.com"]

[Event "Titled Tuesday Blitz March 14 Early 2023"]
[White "Salinas Herrera, Pablo"]
[Black "Astafurov, Arseniy"]
[WhiteFideId "3407128"]
[BlackFideId "24175218"]
[WhiteElo "2550"]
[BlackElo "2163"]
[Result "1-0"]
[Round "01"]
[TimeControl "180+2"]
[Date "2023.03.14"]
[WhiteClock "0:01:25"]
[BlackClock "0:00:23"]

1. d4 Nf6 2. Nf3 d5 3. Bf4 c5 4. e3 Nc6 5. Nbd2 Bf5 6. dxc5 e6 7. Nb3 Be7 8. Nfd4 Bg6 9. Bb5 Rc8 10. Nxc6 bxc6 11. Ba6 O-O 12. Bxc8 Qxc8 13. O-O Ne4 14. Rc1 Qa6 15. a3 f6 16. Bd6 Nxd6 17. cxd6 Bxd6 18. c4 Be5 19. cxd5 cxd5 20. Nd4 Bf7 21. Qd2 Qb7 22. Rc3 Bc7 23. Rfc1 Bb6 24. b4 Qd7 25. Nb3 h6 26. Nc5 Qd6 27. a4 Qe5 28. Nd7 Qd6 29. Nxf8 Kxf8 30. Rc8+ Ke7 31. a5 1-0


[Site "https://www.chess.com"]

[Event "Titled Tuesday Blitz March 14 Early 2023"]
[White "Liang, Justin"]
[Black "Ider, Borya"]
[WhiteFideId "2099942"]
[BlackFideId "4901134"]
[WhiteElo "2498"]
[BlackElo "2512"]
[Result "0-1"]
[Round "01"]
[TimeControl "180+2"]
[Date "2023.03.14"]
[WhiteClock "0:00:07"]
[BlackClock "0:02:03"]

1. Nf3 e6 2. d4 Nf6 3. g3 b5 4. Bg2 Bb7 5. O-O c5 6. c3 Be7 7. Nbd2 O-O 8. Re1 d5 9. dxc5 Bxc5 10. Nb3 Bb6 11. Bf4 Nbd7 12. h3 Ne4 13. Rf1 a5 14. Nbd4 b4 15. cxb4 axb4 16. Be3 Qe7 17. Nc2 Bc7 18. a3 bxa3 19. Rxa3 Rac8 20. b4 Bd6 21. Qe1 Rxc2 0-1


[Site "https://www.chess.com"]

[Event "Titled Tuesday Blitz March 14 Early 2023"]
[White "Cornette, Matthieu"]
[Black "Karas, Marek"]
[WhiteFideId "620084"]
[BlackFideId "14928558"]
[WhiteElo "2478"]
[BlackElo "2233"]
[Result "1/2-1/2"]
[Round "01"]
[TimeControl "180+2"]
[Date "2023.03.14"]
[WhiteClock "0:00:24"]
[BlackClock "0:00:23"]

1. e4 e6 2. Nc3 d5 3. Nf3 dxe4 4. Nxe4 Nd7 5. b3 Ngf6 6. Ng3 Be7 7. Bb2 b6 8. Bb5 Bb7 9. Ne5 O-O 10. Nc6 Bxc6 11. Bxc6 Rb8 12. O-O Bd6 13. Re1 Nc5 14. Qf3 e5 15. Nf5 Ne6 16. d3 g6 17. Ng3 Nd4 18. Bxd4 exd4 19. Ne4 Nxe4 20. Rxe4 Qg5 21. Rae1 Rbd8 22. R4e2 Kg7 23. g3 Qf6 24. Qg2 h5 25. h4 Bb4 26. Rf1 Rd6 27. Be4 Re8 28. f4 Qe7 29. f5 Rf6 30. Ref2 Rf8 31. g4 hxg4 32. Qxg4 Bd6 33. h5 Qe5 34. fxg6 fxg6 35. Bxg6 Qg3+ 36. Qxg3 Bxg3 37. Rxf6 Rxf6 38. Rxf6 Kxf6 39. Kg2 Bf4 40. Kf3 Ke5 41. Kg4 Bh6 42. Be4 c5 43. Bf3 a5 44. a4 Be3 45. Be4 Bh6 46. Kf3 Be3 47. c4 Bh6 48. Kg4 Be3 49. Kh4 Bh6 50. Bg2 Be3 51. Kg4 Bh6 52. Kf3 Be3 53. Bh3 Bh6 54. Bg4 Bg5 55. Bh3 Bh6 56. Kg4 Be3 57. Bg2 Bh6 58. Be4 Be3 59. h6 Bxh6 60. Kh5 Be3 61. Kg6 Kd6 62. Kf7 Kc7 63. Ke8 Bd2 64. Ke7 Bb4 65. Ke6 Bc3 66. Kd5 Bb4 67. Bf5 Bc3 68. Be4 Bb4 69. Bf3 Bc3 70. Be4 1/2-1/2


[Site "https://www.chess.com"]

[Event "Titled Tuesday Blitz March 14 Early 2023"]
[White "Manukian, Artak"]
[Black "Volkov, Sergey"]
[WhiteFideId "13301373"]
[BlackFideId "4122763"]
[WhiteElo "2130"]
[BlackElo "2401"]
[Result "1/2-1/2"]
[Round "01"]
[TimeControl "180+2"]
[Date "2023.03.14"]
[WhiteClock "0:00:52"]
[BlackClock "0:00:42"]

1. e4 e6 2. d4 d5 3. e5 c5 4. c3 Qb6 5. Nf3 Bd7 6. a3 Bb5 7. c4 Bxc4 8. Bxc4 dxc4 9. Nbd2 Qa6 10. Qe2 c3 11. bxc3 Qxe2+ 12. Kxe2 cxd4 13. cxd4 Ne7 14. Rb1 b6 15. Ne4 Nd5 16. Nfd2 Nc6 17. Kd3 O-O-O 18. Nc4 Rd7 19. Ncd6+ Kb8 20. g3 f5 21. Ng5 Bxd6 22. exd6 e5 23. Bb2 e4+ 24. Ke2 h6 25. Ne6 Re8 26. Nf4 Nxf4+ 27. gxf4 Rxd6 28. Rbd1 Red8 29. Rhg1 Nxd4+ 30. Bxd4 Rxd4 31. Rxd4 Rxd4 32. Rxg7 Rd3 33. Rf7 Rxa3 34. Rxf5 Rf3 35. Rh5 b5 36. Rxb5+ Kc7 37. Rh5 Rxf4 38. Rxh6 a5 39. Ra6 Rf5 40. Ke3 Kb7 41. Re6 Rf3+ 42. Ke2 Rf4 43. Ke3 Rh4 44. Rxe4 Rxh2 45. f4 Rh3+ 46. Ke2 Kc6 1/2-1/2


[Site "https://www.chess.com"]

[Event "Titled Tuesday Blitz March 14 Early 2023"]
[White "Zhigalko, Sergei"]
[Black "Gireman, Ja"]
[WhiteFideId "13502956"]
[BlackFideId "5043794"]
[WhiteElo "2626"]
[BlackElo "2153"]
[Result "1-0"]
[Round "01"]
[TimeControl "180+2"]
[Date "2023.03.14"]
[WhiteClock "0:00:02"]
[BlackClock "0:00:09"]

1. e4 e6 2. d4 d5 3. e5 Be7 4. Nf3 c5 5. c3 Nc6 6. Bd3 Qb6 7. dxc5 Qxc5 8. O-O a5 9. a4 Qb6 10. Na3 f6 11. Be3 Qd8 12. Bf4 fxe5 13. Nxe5 Nf6 14. Nb5 O-O 15. Qe2 Ne4 16. Bg3 Nxg3 17. hxg3 Nxe5 18. Qxe5 Bf6 19. Qe2 e5 20. Rad1 Qe7 21. Bc2 Be6 22. Bb3 Rad8 23. Rd2 Qf7 24. Rfd1 Bg5 25. Rd3 e4 26. Rd4 h5 27. f4 exf3 28. gxf3 h4 29. gxh4 Bf6 30. Rf4 Rfe8 31. Qg2 Kh8 32. Nd4 Bc8 33. Bc2 Qh5 34. Bg6 Qh6 35. Rxf6 gxf6 36. Bxe8 Rxe8 37. Qf2 Rg8+ 38. Kf1 Bh3+ 39. Ke1 Rg2 40. Nf5 Qf4 41. Qe3 Qxf5 42. c4 Qh5 43. Rxd5 Qxh4+ 44. Kd1 Qxc4 45. Qh6+ Kg8 46. Rd8+ Kf7 47. Qh7+ Rg7 48. Qh5+ Ke7 49. Qe8# 1-0


[Site "https://www.chess.com"]

[Event "Titled Tuesday Blitz March 14 Early 2023"]
[White "Dudzinski, Pawel"]
[Black "Drygalov, Andrey"]
[WhiteFideId "1117890"]
[BlackFideId "24171735"]
[WhiteElo "2099"]
[BlackElo "2471"]
[Result "0-1"]
[Round "01"]
[TimeControl "180+2"]
[Date "2023.03.14"]
[WhiteClock "0:00:23"]
[BlackClock "0:01:24"]

1. e4 c5 2. d4 cxd4 3. c3 Nf6 4. e5 Nd5 5. cxd4 e6 6. Nf3 d6 7. Nc3 Nxc3 8. bxc3 Qc7 9. Bd2 Nd7 10. exd6 Bxd6 11. Bd3 b6 12. Be4 Bb7 13. Qe2 O-O 14. O-O Nf6 15. Bxb7 Qxb7 16. Bg5 Rac8 17. Bxf6 gxf6 18. c4 Kh8 19. Rac1 Rg8 20. g3 Rc7 21. Nd2 Rgc8 22. Rc2 Be7 23. Rfc1 Qc6 24. d5 Qd7 25. dxe6 fxe6 26. Nb3 e5 27. Rd1 Qf5 28. c5 bxc5 29. Rc4 Rd7 30. Rxd7 Qxd7 31. Qc2 Qd5 32. Nd2 Rd8 33. Ne4 Qd1+ 34. Kg2 Qxc2 35. Rxc2 f5 36. Nc3 Kg7 37. f3 c4 38. Nb1 Rc8 39. Nd2 c3 40. Nb1 Bb4 41. a3 Ba5 42. Kf2 Kf6 43. Ke2 e4 44. fxe4 fxe4 45. Ke3 Ke5 46. g4 Rf8 47. h3 Rf3+ 48. Ke2 Rxh3 0-1


[Site "https://www.chess.com"]

[Event "Titled Tuesday Blitz March 14 Early 2023"]
[White "Acor, Corey"]
[Black "Bruedigam, Martin"]
[WhiteFideId "2024861"]
[BlackFideId "24608033"]
[WhiteElo "2341"]
[BlackElo "2331"]
[Result "0-1"]
[Round "01"]
[TimeControl "180+2"]
[Date "2023.03.14"]
[WhiteClock "0:00:05"]
[BlackClock "0:01:05"]

1. e4 c6 2. d3 d5 3. Nd2 e5 4. Ngf3 Nd7 5. g3 Ngf6 6. Bg2 dxe4 7. dxe4 Be7 8. O-O O-O 9. b3 Re8 10. Bb2 Qc7 11. Qe2 Bc5 12. h3 a5 13. Rfe1 Nf8 14. Nf1 N6d7 15. Rad1 Ne6 16. a3 f6 17. Ne3 b5 18. Nf5 Ndf8 19. N3h4 Qb6 20. Rf1 Ra7 21. Kh2 Rd7 22. Rxd7 Bxd7 23. Kh1 Nd4 24. Nxd4 Bxd4 25. c3 Bc5 26. b4 Be7 27. Bc1 Be6 28. Nf5 Bc4 29. Qg4 g6 30. Rd1 Be6 31. Nxe7+ Rxe7 32. Qe2 a4 33. Be3 Qc7 34. f4 Rd7 35. fxe5 Rxd1+ 36. Qxd1 fxe5 37. Bc5 Qd7 38. Qxd7 Nxd7 39. Bd6 Kf7 40. Kg1 g5 41. Kf2 h5 42. h4 g4 43. Ke3 Bc4 44. Bc7 Ke6 45. Kf2 Nf6 46. Ke3 Bb3 47. Bd8 Ne8 48. Bf1 Bc2 49. Bb6 Nd6 50. Bd3 Bxd3 51. Kxd3 Nc4 52. Be3 Nxa3 53. Bc1 Nc4 54. Kc2 Kd6 55. Bh6 Ke7 56. Kd3 a3 57. Kc2 a2 0-1


[Site "https://www.chess.com"]

[Event "Titled Tuesday Blitz March 14 Early 2023"]
[White "Gajwa Ankit"]
[Black "Ozen, Bahadir"]
[WhiteFideId "5077834"]
[BlackFideId "6337058"]
[WhiteElo "2145"]
[BlackElo "2503"]
[Result "0-1"]
[Round "01"]
[TimeControl "180+2"]
[Date "2023.03.14"]
[WhiteClock "0:00:16"]
[BlackClock "0:00:04"]

1. e4 e5 2. Nf3 Nc6 3. Bb5 Nf6 4. d3 Bc5 5. O-O Nd4 6. Nxd4 Bxd4 7. c3 Bb6 8. Nd2 c6 9. Ba4 O-O 10. Nc4 Bc7 11. Bb3 d5 12. exd5 cxd5 13. Ne3 Re8 14. Re1 Be6 15. Bd2 Qd6 16. g3 b5 17. a4 a6 18. axb5 axb5 19. Rxa8 Rxa8 20. Nc2 Bg4 21. f3 Bh5 22. d4 e4 23. Bf4 Qd7 24. Bxc7 Bxf3 25. Qd2 Qxc7 26. Ne3 Qd7 27. Qf2 h5 28. Ng2 Ng4 29. Qd2 Bxg2 30. Kxg2 Ra6 31. h3 Nf6 32. Qf4 Qd6 33. Qxd6 Rxd6 34. Ra1 Rb6 35. Ra8+ Kh7 36. Rd8 b4 37. Bxd5 bxc3 38. bxc3 Rb2+ 39. Kf1 e3 40. Bc4 Kh6 41. Bd3 e2+ 42. Ke1 h4 43. gxh4 g6 44. Bxe2 Ne4 45. Bd3 Nxc3 46. d5 Rb4 47. d6 Rd4 48. d7 Kg7 49. Bc2 Na2 50. Ba4 Rxa4 51. Rg8+ Kxg8 52. d8=Q+ Kg7 53. Kf2 Nc3 54. Qd7 Ne4+ 55. Ke3 Nc5 56. Qc7 Ne6 57. Qe5+ Kg8 58. h5 Ra3+ 59. Kf2 Ra2+ 60. Kg3 Ra3+ 61. Kg2 Ra2+ 62. Kf1 gxh5 63. Qxh5 Ra1+ 64. Ke2 Ra2+ 65. Kd1 Ra1+ 66. Kc2 Rg1 67. Qa5 Rg6 68. Qa8+ Kg7 69. Qe4 Rh6 70. h4 Rf6 71. h5 Rf4 72. Qe5+ Kh7 73. Kd2 Kg8 74. h6 Kh7 75. Qh5 Rf6 76. Kc3 Rg6 77. Kc4 Ng5 78. Qe2 Kxh6 79. Qe8 Kg7 80. Qe5+ Kh7 81. Kb3 Ne6 82. Qh2+ Kg7 83. Qc2 Nd4+ 84. Kc3 Nxc2 85. Kxc2 0-1


[Site "https://www.chess.com"]

[Event "Titled Tuesday Blitz March 14 Early 2023"]
[White "Gupta, Abhijeet"]
[Black "Cheng, Xiao"]
[WhiteFideId "5010608"]
[BlackFideId "2022915"]
[WhiteElo "2528"]
[BlackElo "2462"]
[Result "1-0"]
[Round "01"]
[TimeControl "180+2"]
[Date "2023.03.14"]
[WhiteClock "0:01:48"]
[BlackClock "0:01:23"]

1. d4 Nf6 2. Nf3 e6 3. Bf4 c5 4. e3 d5 5. Nbd2 Nc6 6. c3 Bd6 7. Bg3 O-O 8. Bd3 Re8 9. Ne5 Qc7 10. f4 cxd4 11. exd4 Rb8 12. O-O b5 13. Bh4 Be7 14. Rc1 b4 15. cxb4 Rxb4 16. Nxc6 Rxb2 17. Nxe7+ Qxe7 18. Rc2 Qb4 19. Bxf6 gxf6 20. Nb3 Rxc2 21. Qxc2 a5 22. Qc5 Qb8 23. Qxa5 Re7 24. Rc1 Ra7 25. Qd8+ Kg7 26. Rxc8 Qxf4 27. Qf8# 1-0


[Site "https://www.chess.com"]

[Event "Titled Tuesday Blitz March 14 Early 2023"]
[White "Deng, Henry"]
[Black "Vakhlamov, Igor L."]
[WhiteFideId "30965454"]
[BlackFideId "24126748"]
[WhiteElo "2461"]
[BlackElo "2400"]
[Result "0-1"]
[Round "01"]
[TimeControl "180+2"]
[Date "2023.03.14"]
[WhiteClock "0:00:01"]
[BlackClock "0:00:02"]

1. e4 c5 2. Nc3 e6 3. Nf3 Nc6 4. Bb5 Nge7 5. d4 cxd4 6. Nxd4 a6 7. Nxc6 Nxc6 8. Bd3 b5 9. O-O Bb7 10. Be3 Qc7 11. f4 d6 12. Qd2 Be7 13. a4 b4 14. Ne2 O-O 15. Nd4 Nxd4 16. Bxd4 a5 17. Rac1 Bc6 18. c3 Qb7 19. cxb4 axb4 20. e5 dxe5 21. Bxe5 Rfd8 22. Qe2 Bxg2 23. Qg4 Bf8 24. Rf2 Rxd3 25. Rxg2 f5 26. Qe2 Rd7 27. Rf1 Rad8 28. Qc4 Qd5 29. Qc2 Qd3 30. Qf2 Qe4 31. b3 Rd1 32. Rg3 Rxf1+ 33. Qxf1 Qc2 34. Re3 Rd1 35. Re1 Bc5+ 36. Kh1 Rd2 37. Qh3 Re2 38. Rf1 Qe4+ 39. Qf3 Re3 40. Qxe4 fxe4 41. Rc1 Be7 42. Rc7 Kf8 43. a5 Rxb3 44. a6 Ra3 45. a7 Kf7 46. Bd6 Ra1+ 47. Kg2 b3 48. Rxe7+ Kf6 49. Rb7 Ra2+ 50. Kf1 Kf5 51. Be5 e3 52. Rxb3 Ke4 0-1


[Site "https://www.chess.com"]

[Event "Titled Tuesday Blitz March 14 Early 2023"]
[White "Yuan, Qingyu"]
[Black "Mortazavi, Ali"]
[WhiteFideId "8609772"]
[BlackFideId "401323"]
[WhiteElo "2359"]
[BlackElo "2339"]
[Result "1-0"]
[Round "01"]
[TimeControl "180+2"]
[Date "2023.03.14"]
[WhiteClock "0:00:07"]
[BlackClock "0:00:01"]

1. e4 c6 2. d4 d5 3. exd5 cxd5 4. Bd3 Nc6 5. c3 Qc7 6. h3 g6 7. Nf3 Nf6 8. O-O Bf5 9. Re1 e6 10. Bb5 Bg7 11. Ne5 Bxb1 12. Rxb1 O-O 13. Bf4 Nxe5 14. Bxe5 Qb6 15. Bd3 Nd7 16. Bf4 Rfe8 17. a4 a6 18. h4 e5 19. dxe5 Bxe5 20. Qd2 Qd6 21. Bg5 Nc5 22. Bc2 Ne6 23. Rbd1 d4 24. Bb3 Bf4 25. Bxf4 Nxf4 26. cxd4 Qf6 27. g3 Nh5 28. Bd5 Rab8 29. Kg2 b5 30. axb5 Rxb5 31. Rxe8+ Kg7 32. Re5 Rxd5 33. Rxd5 Qc6 34. Qa5 Nf6 35. Qc5 Qb7 36. Rd2 Nxd5 37. Kg1 h5 38. Qd6 Nf6 39. Qe5 Qb4 40. Re2 Qb3 41. d5 Qf3 42. d6 1-0


[Site "https://www.chess.com"]

[Event "Titled Tuesday Blitz March 14 Early 2023"]
[White "Miszler, Levente"]
[Black "Gareyev, Timur"]
[WhiteFideId "763276"]
[BlackFideId "14200937"]
[WhiteElo "2176"]
[BlackElo "2563"]
[Result "0-1"]
[Round "01"]
[TimeControl "180+2"]
[Date "2023.03.14"]
[WhiteClock "0:01:41"]
[BlackClock "0:01:43"]

1. Nf3 d6 2. c4 g6 3. g3 Bg7 4. Bg2 Nh6 5. O-O O-O 6. Nc3 c5 7. d3 Nf5 8. a3 Nc6 9. Rb1 b6 10. Bd2 Bb7 11. b4 Qd7 12. e3 e6 13. Qc2 Rad8 14. Rfd1 Ne5 15. Nxe5 Bxe5 16. Bxb7 Qxb7 17. Ne4 Qa8 18. Bc3 f6 19. Qb2 Bxc3 20. Qxc3 e5 21. Qb3 Kg7 22. Nc3 h5 23. Nd5 Rf7 24. bxc5 dxc5 25. a4 h4 26. a5 Rd6 27. axb6 axb6 28. Nxb6 Qf3 29. Qa4 h3 30. Qa8 Rb7 31. Qxb7+ Qxb7 32. Nd5 Qa8 33. Ra1 Ra6 34. Rab1 Ne7 35. e4 Nxd5 36. exd5 Ra2 0-1


[Site "https://www.chess.com"]

[Event "Titled Tuesday Blitz March 14 Early 2023"]
[White "Aditya Mittal"]
[Black "Jovic, Stanoje"]
[WhiteFideId "35042025"]
[BlackFideId "905020"]
[WhiteElo "2396"]
[BlackElo "2236"]
[Result "1-0"]
[Round "01"]
[TimeControl "180+2"]
[Date "2023.03.14"]
[WhiteClock "0:00:25"]
[BlackClock "0:00:03"]

1. d4 Nf6 2. c4 e6 3. Nf3 b6 4. g3 Ba6 5. Qc2 Bb4+ 6. Bd2 Be7 7. e4 d5 8. cxd5 exd5 9. Bxa6 Nxa6 10. Qa4+ Qd7 11. Qxa6 dxe4 12. Ne5 Qxd4 13. Qb5+ Kf8 14. Bc3 Qd5 15. Qxd5 Nxd5 16. Nc6 Bc5 17. Nd2 e3 18. Ne4 exf2+ 19. Kf1 Be3 20. Rd1 Nxc3 21. bxc3 f5 22. Nxf2 Kf7 23. Kg2 Rhe8 24. Rhe1 g5 25. Rd7+ Kf6 26. Rxc7 h5 27. Rxa7 Rac8 28. Nb4 Rc5 29. Nfd3 Rb5 30. a4 Rxb4 31. Nxb4 f4 32. gxf4 gxf4 33. Nd5+ Kf5 34. Kf3 Rc8 35. Nxe3+ fxe3 36. Rxe3 Rc4 37. Rf7+ 1-0


[Site "https://www.chess.com"]

[Event "Titled Tuesday Blitz March 14 Early 2023"]
[White "Senft, Sean"]
[Black "Madaminov, Mukhiddin"]
[WhiteFideId "2044960"]
[BlackFideId "14210703"]
[WhiteElo "1989"]
[BlackElo "2511"]
[Result "0-1"]
[Round "01"]
[TimeControl "180+2"]
[Date "2023.03.14"]
[WhiteClock "0:00:08"]
[BlackClock "0:00:45"]

1. e4 e5 2. Nf3 Nc6 3. Bb5 a6 4. Ba4 Nf6 5. O-O Nxe4 6. d4 b5 7. Bb3 d5 8. dxe5 Be6 9. Nbd2 Be7 10. Nxe4 dxe4 11. Bxe6 Qxd1 12. Rxd1 fxe6 13. Ng5 Bxg5 14. Bxg5 h6 15. Bf4 O-O 16. Bg3 Rad8 17. c3 Kf7 18. Kf1 Kg6 19. Bh4 Rxd1+ 20. Rxd1 Nxe5 21. Bg3 Nd3 22. Rd2 c5 23. Re2 Kf5 24. h3 c4 25. Bh2 h5 26. g4+ hxg4 27. hxg4+ Kxg4 28. Rxe4+ Kf5 29. Rd4 e5 30. Rd6 Rf6 31. Rd7 Ke6 32. Rxg7 Rxf2+ 33. Kg1 Rxb2 34. Rg6+ Kf5 35. Rxa6 Nc1 36. a4 Ne2+ 37. Kf1 Nxc3 38. axb5 Rxh2 39. b6 Rb2 40. Ke1 Ke4 41. Ra4 Nxa4 0-1


[Site "https://www.chess.com"]

[Event "Titled Tuesday Blitz March 14 Early 2023"]
[White "Zahid, Sanatan"]
[Black "Bilan, Danila"]
[WhiteFideId "10201963"]
[BlackFideId "24161918"]
[WhiteElo "1865"]
[BlackElo "2182"]
[Result "1-0"]
[Round "01"]
[TimeControl "180+2"]
[Date "2023.03.14"]
[WhiteClock "0:02:30"]
[BlackClock "0:00:03"]

1. d4 d5 2. Nc3 Nf6 3. Bf4 Bf5 4. f3 e6 5. g4 Bg6 6. h4 h6 7. e3 Bd6 8. Nh3 a6 9. Bd3 Bxd3 10. cxd3 Nc6 11. Qb3 b5 12. O-O-O Qd7 13. Kb1 Rb8 14. Bxd6 Qxd6 15. g5 Nh5 16. f4 hxg5 17. hxg5 g6 18. Nf2 Ke7 19. Ng4 Ng3 20. Rhg1 Nf5 21. Rc1 Rh3 22. Nd1 Na5 23. Qc3 Nb7 24. Qxc7+ Qxc7 25. Rxc7+ Kf8 26. Ne5 1-0


[Site "https://www.chess.com"]